 Dungeon Crawl Stone Soup version 0.28-a0-1412-gf95308ed99 (webtiles) character file.

Game seed: 5892947714108909179

66 siradein the Skirmisher (level 4, -4/35 HPs)
             Began as a Djinni Cinder Acolyte on Jan 6, 2022.
             Was a High Priest of Ignis.
             Slain by a white imp (7 damage)
             ... on level 3 of the Dungeon.
             The game lasted 00:05:16 (3480 turns).

siradein the Skirmisher (Djinni Cinder Acolyte)     Turns: 3480, Time: 00:05:17

Health: -4/35      AC:  2    Str: 13    XL:     4   Next: 37%
Gold:   70         EV: 11    Int: 15    God:    Ignis [*****.] SH:  3 Dex: 11

rFire   + + +      SeeInvis .   a - -1 falchion (flame)
rCold   x . .      Faith    .   m - +0 buckler
rNeg    . . .      Spirit   .   b - +0 robe
rPois   ∞          Reflect  .   (no helmet)
rElec   .          Harm     .   (no cloak)
rCorr   .          Rampage  .   (no gloves)
Will    .....                   (boots unavailable)
Stlth   +.........              (no amulet)
HPRegen 0.11/turn               (no ring)
MPRegen 0.00/turn               (no ring)

@: flying
A: sickness immunity, fire resistance 2, cold vulnerability 1, float, innate
caster, hp casting, extra vitality 1
a: Renounce Religion, Fiery Armour, Foxfire Swarm, Rising Flame


You were on level 3 of the Dungeon.
You worshipped Ignis.
Ignis was extremely pleased with you.
You visited 1 branch of the dungeon, and saw 3 of its levels.

You collected 70 gold pieces.

Inventory:

Hand Weapons
 a - a -1 falchion of flaming (weapon)
Armour
 b - a +0 robe (worn)
 m - a +0 buckler (worn)
Jewellery
 p - a +6 ring of dexterity
 q - a +4 ring of evasion
Scrolls
 c - a scroll of blinking {unknown}
 d - a scroll of holy word {unknown}
 e - 2 scrolls of teleportation {unknown}
 g - a scroll of fear {unknown}
 i - a scroll of identify {unknown}
 k - 2 scrolls of enchant armour {unknown}
 l - a scroll of silence {unknown}
Potions
 f - a potion of lignification {unknown}
 h - a potion of mutation {unknown}
 j - a potion of degeneration {unknown}
 n - a potion of heal wounds {unknown}
 o - a potion of ambrosia {unknown}
 r - a potion of brilliance {unknown}


   Skills:
 + Level 3.5 Fighting
 + Level 3.1 Long Blades
 + Level 1.1 Armour
 + Level 1.2 Dodging
 + Level 2.8 Spellcasting


You had 5 spell levels left.
You knew the following spells:

 Your Spells              Type           Power      Damage    Failure   Level
a - Scorch                Fire           20%        2d6       13%         2
b - Sting                 Tmut/Pois      40%        1d5       9%          1
Your spell library was empty.

Dungeon Overview and Level Annotations

Branches:
Dungeon (3/15)

Altars:
Gozag
The Shining One

Shops:
D:1 :   D:3 (


Innate Abilities, Weirdness & Mutations

You are immune to sickness and miasma.
You are immune to poison.
Your flesh is very heat resistant. (rF++)
You are vulnerable to cold. (rC-)
You float through the air rather than walking.
You learn spells naturally, not from books.
Your magical power is your life essence.
You have superior vitality. (+4 MHP)


Message History

You now have 56 gold pieces (gained 9).
Found a stone staircase leading down.
There is a stone staircase leading down here.
Found a stone staircase leading down.
Found 23 stones.
You see here 23 stones.
You now have 59 gold pieces (gained 3).
Found a stone staircase leading up.
r - a lumpy silvery potion You now have 70 gold pieces (gained 11).
There is a stone staircase leading up here.
A white imp comes into view.
The white imp shouts!
The white imp hits you. The white imp freezes you!
You feel a terrible chill!
You hit the white imp but do no damage. The white imp barely misses you.
The white imp hits you. The white imp freezes you.
You feel a terrible chill!
You hit the white imp but do no damage. The white imp barely misses you.
You closely miss the white imp. The white imp barely misses you.
You hit the white imp but do no damage. The white imp gestures at you.
The puff of frost hits you!
You feel a terrible chill!
* * * LOW HITPOINT WARNING * * *
You are too injured to fight recklessly!
Aiming: Sting (safe; 9% risk of failure)
Press: ? - help, Q - select action, (/) - cycle Shift-Dir - straight line, f - white imp
Aim: a white imp (71% to hit)
The sting hits the white imp but does no damage.
The white imp is poisoned.
* * * LOW HITPOINT WARNING * * *
You block the white imp's attack.
Casting: Scorch (safe; 13% risk of failure)
Press: ? - help, Q - select action, (/) - cycle Dir - look around, f - activate Flames lash the white imp.
The white imp is burned terribly!
The white imp is almost dead.
The white imp's fire resistance burns away.
* * * LOW HITPOINT WARNING * * *
The white imp hits you.
* * * LOW HITPOINT WARNING * * *
The white imp freezes you!
You feel a terrible chill!
You die...

#.#########
#.........#
#########.#
#.# #.# #.#
#.# #.#
#######
#.###...@.#
#...#.###5#
#.#...# ...
#.#.###
##.# ....#
... ##.###
#.. ...#
..# #...#
.# #.#..


You could see a white imp (poisoned, combustible).

Vanquished Creatures
  2 adders (D:2)
  A worm (D:1)
  A dart slug (D:1)
  An orc (D:3)
  2 bats (D:2)
  2 endoplasms (D:1)
  2 giant cockroaches
  A goblin (D:2)
  6 hobgoblins
  4 jackals (D:2)
  2 quokkas
  3 ball pythons
  3 frilled lizards
  7 kobolds
  3 rats
40 creatures vanquished.

Notes
Turn   | Place    | Note
-------+----------+-------------------------------------------
     0 | D:1      | siradein the Djinni Cinder Acolyte began the quest for the
                  | Orb.
     0 | D:1      | Reached XP level 1. HP: 20/20 MP: 0/0
   403 | D:1      | Reached XP level 2. HP: 4/25 MP: 0/0
   693 | D:1      | Found Pevvazid's Book Shop.
  1911 | D:1      | Reached XP level 3. HP: 20/30 MP: 0/0
  1911 | D:1      | Learned a level 1 spell: Sting
  2287 | D:2      | Found a faded altar of an unknown god.
  2296 | D:2      | Reached skill level 1 in Dodging
  2325 | D:2      | Reached skill level 1 in Armour
  2437 | D:2      | Reached XP level 4. HP: 31/35 MP: 0/0
  3026 | D:3      | Found Rulicw's Weapon Shoppe.
  3214 | D:3      | Found a glowing golden altar of the Shining One.
  3220 | D:3      | Found an opulent altar of Gozag.
  3480 | D:3      | Slain by a white imp

Illustrated notes

Levels and vault maps discovered:
D:1:      nicolae_arrival_washed_ashore, layout_basic, serial_shops,
          nicolae_shop_waterfront
D:2:      layout_basic, shapermc_ecumenical_altar_starsandcircs,
          grunt_ministairs_10
D:3:      layout_loops_ring, mainiacjoe_overflow_catwalk_spiral,
          lemuel_tele_altar, serial_shops, nicolae_shop_waterfront,
          hangedman_decor_diamond_cutter, minmay_misc_feat_tiny,
          minmay_quantized

Skill      XL: |  1  2  3 |
---------------+----------+-----
Long Blades    | 3 |  3.1
Dodging        | 1 |  1.2
Armour         | 1 |  1.1
Fighting       | |  3.5
Spellcasting   | |  2.8

Action                   |  1- 3 |  4- 6 || total
-------------------------+-------+-------++-------
Melee: Falchion          |    81 |    43 ||   124
       Punch             |     2 |       ||     2
 Cast: Sting             |    10 |     1 ||    11
       Scorch            |     3 |     1 ||     4
 Stab: Sleeping          |     1 |     1 ||     2
Armor: Robe              |    19 |     9 ||    28
Dodge: Dodged            |    44 |    20 ||    64
Block: Buckler           |       |     4 ||     4

Table legend: (Time is in decaauts)
 A = Elapsed time spent in this place.
 B = Non-inter-level travel time spent in this place.
 C = Inter-level travel time spent in this place.
 D = Time resting spent in this place.
 E = Time spent auto-exploring this place.
 F = Levels seen in this place.
 G = Mean time per level.
                   A        B        C        D        E       F      G
               +--------+--------+--------+--------+--------+-----+--------+
         Total |   3501 |   3433 |     68 |    189 |   2874 |   3 | 1167.0 |
       Dungeon |   3501 |   3433 |     68 |    189 |   2874 |   3 | 1167.0 |
               +--------+--------+--------+--------+--------+-----+--------+

Top non-repeatable levels by time:
     D:1: 1922 daAuts
     D:2: 1102 daAuts
     D:3: 476 daAuts
